 Dungeon Crawl Stone Soup version 0.28-a0-476-g0f06bd746f (webtiles) character file.

Game seed: 6873383553917924657

59 dduke234 the Slasher (level 3, -6/33 HPs)
             Began as a Minotaur Chaos Knight on Sept 16, 2021.
             Was a Plaything of Xom.
             Mangled by an orc warrior (14 damage)
             ... on level 3 of the Dungeon.
             The game lasted 00:02:13 (1438 turns).

dduke234 the Slasher (Minotaur Chaos Knight)        Turns: 1438, Time: 00:02:14

Health: -6/33      AC:  6    Str: 17    XL:     3   Next: 78%
Magic:  2/2        EV: 11    Int:  9    God:    Xom [..*...]
Gold:   96         SH:  0    Dex:  9    Spells: 2/2 levels left

rFire   . . .      SeeInvis .   a - +0 falchion (chaos)
rCold   . . .      Faith    .   (no shield)
rNeg    . . .      Spirit   .   b - +3 leather armour
rPois   .          Reflect  +   (helmet restricted)
rElec   .          Harm     .   (no cloak)
rCorr   .          Rampage  .   (no gloves)
Will    .....                   (no boots)
Stlth   ..........              c - amulet of reflection
HPRegen 0.11/turn               (no ring)
MPRegen 0.08/turn               (no ring)

@: confused, hasted, very quick
A: horns 2, retaliatory headbutt
a: Renounce Religion


You were on level 3 of the Dungeon.
You worshipped Xom.
You were a toy of Xom.
You visited 1 branch of the dungeon, and saw 3 of its levels.

You collected 96 gold pieces.

Inventory:

Hand Weapons
 a - a +0 falchion of chaos (weapon)
Armour
 b - a +3 leather armour (worn)
Jewellery
 c - an amulet of reflection (around neck)
 g - a ring of ice
Wands
 h - a wand of iceblast (6)
Scrolls
 d - a scroll of identify
 e - a scroll of blinking


   Skills:
 * Level 4.2 Fighting
 * Level 4.7 Long Blades
 * Level 2.9 Armour
 * Level 1.4 Dodging
 + Level 0.1 Stealth
 + Level 0.5 Shields


You had 2 spell levels left.
You didn't know any spells.
Your spell library was empty.

Dungeon Overview and Level Annotations

Branches:
Dungeon (3/15)

Altars:
Hepliaklqana


Innate Abilities, Weirdness & Mutations

You have a pair of horns on your head.
You reflexively headbutt those who attack you in melee.


Message History

You headbutt the rat!
You kill the rat!
The orc hits you but does no damage.
You closely miss the orc. Something hits you but does no damage.
The orc closely misses you. You furiously retaliate!
You headbutt the orc. You hit the orc.
You kill the orc!
You hear some strange, mumbled words.
Something tries to affect you, but you resist.
Something hits you but does no damage.
You hit the orc warrior but do no damage.
You headbutt the orc warrior.
The orc warrior is lightly wounded.
You block the orc warrior's attack. Something hits you but does no damage.
You slash the orc warrior!
The orc warrior resists with some effort.
You headbutt the orc warrior, but do no damage.
The orc warrior is moderately wounded.
The orc warrior barely misses you. You furiously retaliate!
You headbutt the orc warrior, but do no damage.
You closely miss the orc warrior.
You headbutt the orc warrior, but do no damage.
The orc warrior is moderately wounded.
The orc warrior hits you with a +0 dire flail.
Something hits you but does no damage.
You hit the orc warrior but do no damage.
The orc warrior is moderately wounded.
The orc warrior hits you with a +0 dire flail!!
Ouch! That really hurt!
* * * LOW HITPOINT WARNING * * *
You block the orc's attack.
You hear some strange, mumbled words.
You are confused.
The orc warrior barely misses you.
You feel yourself speed up. The orc hits you with a +0 falchion.
* * * LOW HITPOINT WARNING * * *
Something hits you but does no damage.
The orc warrior hits you with a +0 dire flail!
You die...
Xom laughs nastily!

.........####..........#
####...............>...#
#.........##......>...#
..............#.......#
..............###.#####
###.....#...### #.#
##.....########.###
#####............#
#######@{....# #oo....#
#!.....# #......#
##.....# .....# .....#
.....#


You could see an orc warrior and an orc.

Vanquished Creatures
  An adder (D:2)
  A worm (D:2)
  2 orcs (D:3)
  3 ball pythons (D:1)
  5 endoplasms
  3 giant cockroaches
  5 goblins
  4 hobgoblins
  3 kobolds
  3 quokkas
  3 bats
  3 frilled lizards
  5 rats
41 creatures vanquished.

Notes
Turn   | Place    | Note
-------+----------+-------------------------------------------
     0 | D:1      | dduke234 the Minotaur Chaos Knight began the quest for the
                  | Orb.
     0 | D:1      | Reached XP level 1. HP: 19/19 MP: 0/0
   218 | D:1      | Reached XP level 2. HP: 27/27 MP: 1/1
   257 | D:1      | Found a faded altar of an unknown god.
   688 | D:2      | Found a hazy altar of Hepliaklqana.
   882 | D:2      | XOM: silly message
   931 | D:2      | Reached XP level 3. HP: 19/33 MP: 2/2
  1244 | D:2      | XOM: noise
  1368 | D:3      | XOM: 2-stop teleportation journey
  1428 | D:3      | Noticed an orc warrior
  1438 | D:3      | Mangled by an orc warrior

Illustrated notes

Levels and vault maps discovered:
D:1:      eino_arrival_druids_welcome, layout_basic,
          hellmonk_ecumenical_altar_blasted
D:2:      layout_rooms, basic_altar, moated_statue
D:3:      layout_rooms

Skill      XL: |  1  2 |
---------------+-------+-----
Long Blades    | 4 |  4.7
Fighting       | 4 |  4.2
Armour         | |  2.9
Dodging        | |  1.4
Stealth        | |  0.1
Shields        | |  0.5

Action                   || total
-------------------------++-------
Melee: Falchion          ||    89
       Headbutt          ||    13
  Use: Potion            ||     3
       Scroll            ||     2
Armor: Leather armour    ||    31
Dodge: Dodged            ||    41
Block: Other             ||    16

Table legend: (Time is in decaauts)
 A = Elapsed time spent in this place.
 B = Non-inter-level travel time spent in this place.
 C = Inter-level travel time spent in this place.
 D = Time resting spent in this place.
 E = Time spent auto-exploring this place.
 F = Levels seen in this place.
 G = Mean time per level.
                   A        B        C        D        E       F      G
               +--------+--------+--------+--------+--------+-----+--------+
         Total |   1426 |   1401 |     25 |      0 |   1161 |   3 |  475.3 |
       Dungeon |   1426 |   1401 |     25 |      0 |   1161 |   3 |  475.3 |
               +--------+--------+--------+--------+--------+-----+--------+

Top non-repeatable levels by time:
     D:1: 677 daAuts
     D:2: 582 daAuts
     D:3: 167 daAuts
